 Dungeon Crawl Stone Soup version 0.31.0-1-g2c135a008e (webtiles) character file.

Game seed: 9801196102838430774

154 qw the Shooter (level 5, 0/40 HPs)
             Began as a Djinni Hunter on Jan 24, 2024.
             Slain by Terence
             ... wielding a +0 flail
              (4 damage)
             ... on level 3 of the Dungeon.
             The game lasted 00:00:08 (2151 turns).

qw the Shooter (Djinni Hunter)                      Turns: 2151, Time: 00:00:08

Health: 0/40       AC:  6    Str: 10    XL:     5   Next: 63%
Gold:   91         EV: 11    Int: 10    God:
                   SH:  0    Dex: 19

rFire   + + .        a - +0 shortbow
rCold   x . .        (shield currently unavailable)
rNeg    . . .        h - +0 ring mail
rPois   inf          f - +0 helmet
rElec   .            (no cloak)
rCorr   +            (no gloves)
SInv    .            (boots unavailable)
Will    .....        (no amulet)
Stlth   +            i - ring of resist corrosion
HPRegen 0.26/turn    (no ring)
MPRegen 0.00/turn

%: infuse magic (-1 HP)
@: flying
A: sickness immunity, fire resistance 2, cold vulnerability 1, float, innate
caster, HP casting, extra vitality 1
a: no special abilities


You were on level 3 of the Dungeon.
You visited 1 branch of the dungeon, and saw 3 of its levels.

You collected 91 gold pieces.


Innate Abilities, Weirdness & Mutations

You are immune to sickness and miasma.
You are immune to poison.
Your flesh is very heat resistant. (rF++)
You are vulnerable to cold. (rC-)
You float through the air rather than walking.
You learn spells naturally, not from books.
Your magical power is your life essence.
You have superior vitality. (+4 MHP)


   Skills:
 - Level 3.0 Fighting
 + Level 4.8 Ranged Weapons
 - Level 1.1 Armour
 - Level 2.1 Dodging
 - Level 0.7 Stealth


You knew the following spells:

 Your Spells              Type           Power      Damage    Failure   Level
a - Summon Small Mammal   Summ           0%         N/A       67%         1
b - Static Discharge      Conj/Air       0%         3-3/arc   82%         2
Your spell library was empty.

Inventory:

Hand Weapons
 a - a +0 shortbow (weapon)
Armour
 f - a +0 helmet (worn)
 h - a +0 ring mail (worn)
Jewellery
 i - a ring of resist corrosion (left hand)
Scrolls
 b - a scroll of fear {unknown}
Potions
 c - 3 potions of might {unknown}

Dungeon Overview and Level Annotations

Branches:
Dungeon (3/15)

Altars:

Shops:
D:1 [

Annotations:
D:3 Terence


Message History

You shoot an arrow. The arrow hits Terence.
Terence is heavily wounded.
Terence barely misses you.
You shoot an arrow.
The arrow hits Terence but does no damage.
Terence is heavily wounded.
Terence hits you with a +0 flail.
You shoot an arrow. The arrow barely misses Terence.
Terence hits you with a +0 flail!
You shoot an arrow. The arrow closely misses Terence.
Terence hits you with a +0 flail! Terence misses you.
You shoot an arrow. The arrow hits Terence.
Terence is heavily wounded.
Terence hits you with a +0 flail.
You shoot an arrow.
The arrow hits Terence but does no damage.
Terence is heavily wounded.
Terence barely misses you.
You shoot an arrow. The arrow hits Terence.
Terence is severely wounded.
Terence barely misses you.
You shoot an arrow.
The arrow hits Terence but does no damage.
Terence is severely wounded.
Terence closely misses you. x2
You shoot an arrow. The arrow closely misses Terence.
Terence barely misses you.
You shoot an arrow.
The arrow hits Terence but does no damage.
Terence is heavily wounded.
Terence barely misses you.
You shoot an arrow. The arrow hits Terence.
Terence is severely wounded.
Terence misses you.
You shoot an arrow.
The arrow hits Terence but does no damage.
Terence is severely wounded.
Terence hits you but does no damage. Terence hits you with a +0 flail.
You die...
Terence says, "That felt goooood."

##.# #...###
#[# ##.>.## #.#
#.#...
##.####....####
#.......####
##..######
##.).# ##%.###
# #@.## .
#.....@.## #
#....#### #...
... #. #


You could see Terence.

Vanquished Creatures
  7 gnolls
  2 adders (D:2)
  2 ribbon worms
  3 endoplasms (D:3)
  4 giant cockroaches
  5 goblins
  4 hobgoblins
  7 jackals
  7 kobolds
  3 quokkas
  7 ball pythons
  4 bats
  4 frilled lizards
  8 rats
67 creatures vanquished.

Notes
Turn   | Place    | Note
-------+----------+-------------------------------------------
     0 | D:1      | qw the Djinni Hunter began the quest for the Orb.
     0 | D:1      | Reached XP level 1. HP: 18/18 MP: 0/0
     0 | D:1      | 0 ||| qw: Version: 0.3-a-136-gdd3b4e8
     0 | D:1      | 0 ||| qw: Game counter: 1362
     0 | D:1      | 0 ||| qw: Melee chars always use a shield: true
     0 | D:1      | 0 ||| qw: God list: Okawaru
     0 | D:1      | 0 ||| qw: Allow faded altars: false
     0 | D:1      | 0 ||| qw: Do Orc after clearing Dungeon:15 true
     0 | D:1      | 0 ||| qw: Do second Lair branch before Depths: true
     0 | D:1      | 0 ||| qw: Lair rune preference: random
     0 | D:1      | 0 ||| qw: Goals: Normal
     0 | D:1      | 0 ||| PLANNING D:1-11
    85 | D:1      | Reached XP level 2. HP: 23/23 MP: 0/0
   499 | D:1      | Found Alomettuwap's Armour Shoppe.
   505 | D:1      | 505 ||| SHOPLISTING +0 ring mail (44 gold, have 24).
   505 | D:1      | 505 ||| SHOPLISTING +8 ring mail "Panlaeps" {*Slow Will++}
                  | (653 gold, have 24).
   565 | D:1      | Reached XP level 3. HP: 25/28 MP: 0/0
   565 | D:1      | Learned a level 1 spell: Summon Small Mammal
   567 | D:1      | Reached skill level 4 in Ranged Weapons
   724 | D:1      | 724 ||| UPGRADING to +0 helmet.
   729 | D:1      | 729 ||| UPGRADING to +0 ring mail.
   739 | D:1      | 739 ||| DROPPING +0 leather armour.
   740 | D:1      | 740 ||| UPGRADING to ring of resist corrosion.
   741 | D:1      | 741 ||| READING 3 scrolls labelled MAHUGU ACLANUCW.
   741 | D:1      | 741 ||| IDENTIFYING 2 clear potions
   742 | D:1      | 742 ||| READING 2 scrolls of identify.
   742 | D:1      | 742 ||| IDENTIFYING 3 scrolls labelled YWKIOT FEGIGH
   743 | D:1      | 743 ||| DROPPING scroll of butterflies.
   744 | D:1      | 744 ||| DROPPING 2 potions of degeneration.
   745 | D:1      | 745 ||| DROPPING 3 scrolls of noise.
  1040 | D:2      | Reached skill level 1 in Armour
  1040 | D:2      | Reached XP level 4. HP: 27/34 MP: 0/0
  1293 | D:2      | Reached skill level 3 in Fighting
  1806 | D:2      | 1806 ||| READING scroll of identify.
  1806 | D:2      | 1806 ||| IDENTIFYING smoky yellow potion
  1807 | D:2      | 1807 ||| READING scroll labelled ZEIWAT MIFUV.
  1808 | D:2      | 1808 ||| READING scroll labelled ZIRECW KODOONK.
  1809 | D:2      | 1809 ||| READING scroll labelled UTUUN DUILLO.
  1860 | D:3      | 1860 ||| RETREEEEATING.
  1864 | D:3      | 1864 ||| RETREEEEATING.
  1870 | D:3      | Reached XP level 5. HP: 22/40 MP: 0/0
  1870 | D:3      | Learned a level 2 spell: Static Discharge
  1874 | D:3      | HP: 7/40 [hobgoblin/+0 war axe (5)]
  1875 | D:3      | 1875 ||| DRINKING potion of heal wounds.
  1881 | D:3      | 1881 ||| FLEEEEING.
  1882 | D:3      | 1882 ||| FLEEEEING.
  1883 | D:3      | 1883 ||| FLEEEEING.
  1884 | D:3      | 1884 ||| FLEEEEING.
  1963 | D:3      | Found a faded altar of an unknown god.
  2130 | D:3      | Noticed Terence
  2143 | D:3      | HP: 4/40 [Terence/+0 flail (7)]
  2144 | D:3      | HP: 1/40 [Terence/+0 flail (3)]
  2151 | D:3      | Slain by Terence

Levels and vault maps discovered:
D:1:      dpeg_arrival_windows_large_door, layout_basic, serial_shops,
          nicolae_shop_tiny_statue_garden, minmay_misc_feat_tiny
D:2:      minmay_skewed_foursquare, layout_loops_corners,
          kennysheep_generic_room_8
D:3:      layout_rooms, nicolae_ashenzari_skybound, lemuel_round_altar,
          gammafunk_temple_overflow_claw, shapermc_ecumenical_altar_mp_vishouse,
          uniq_sigmund, uniq_terence

Skill      XL: |  1  2  3  4 |
---------------+-------------+-----
Ranged Weapons | 4 |  4.8
Armour         | 1 |  1.1
Fighting       | 3 |  3.0
Dodging        | |  2.1
Stealth        | |  0.7

Action                     |  1- 3 |  4- 6 || total
---------------------------+-------+-------++-------
   Fire: Shortbow          |    96 |   134 ||   230
    Use: Scroll            |     2 |     4 ||     6
         Potion            |       |     1 ||     1
 Armour: Leather armour    |    14 |       ||    14
         Ring mail         |    18 |    39 ||    57
  Dodge: Dodged            |    30 |    38 ||    68

Table legend:
 A = Non-vault XP
 B = Vault XP
 C = Vault XP percentage of total XP
 D = Non-vault monster count
 E = Vault monster count
 F = Vault count percentage of total count
                 A         B        C        D         E       F
            +---------+---------+-------+---------+---------+-------
      Total |     202 |      19 |   8.6 |      63 |       4 |   6.0
            +---------+---------+-------+---------+---------+-------
        D:1 |      50 |       0 |   0.0 |      25 |       0 |   0.0
        D:2 |      39 |      19 |  32.8 |      17 |       4 |  19.0
        D:3 |     113 |       0 |   0.0 |      21 |       0 |   0.0
            +---------+---------+-------+---------+---------+-------
